Map: Ruins of Endion

Players

Miszu

  • Race: Terran Terran
  • League: Master

YONG - Winner!

  • Race: Zerg Zerg
  • League: Master

VOD

Have the link to the VOD?

Description

Time

  • Played on: May 1, 2016, 4:32 p.m.
  • Length: 4:55
Show
View Real Time Build Order
Export as new Build Order

Miszu Terran 

Build Orders: Reaper Expand 

Get SALT Encoding   

  12  0:01  SCV  
  13  0:13  SCV  
  14  0:19  Supply Depot  
  14  0:25  SCV  
  15  0:40  SCV  
  16  0:43  Barracks  
  16  0:47  Refinery  
  16  0:52  SCV  
  17  1:04  SCV  
  18  1:19  SCV  
  19  1:31  Orbital Command  
  19  1:32  Reaper  
  20  1:43  Command Center  
  20  1:53  Supply Depot  
  20  1:57  SCV  
  21  2:04  Refinery  
  21  2:10  SCV  
  21  2:13  Barracks Reactor  
  22  2:22  SCV  
  23  2:25  Factory  
  23  2:34  SCV  
  24  2:46  SCV  
  24  2:49  Marine x2  
  27  2:54  Orbital Command  
  27  2:58  SCV  
  28  3:10  SCV  
  28  3:11  Starport  
  29  3:15  Marine  
  29  3:16  Marine, Factory Tech Lab  
  29  3:19  Bunker  
  31  3:21  SCV  
  31  3:22  SCV  
  33  3:33  SCV  
  34  3:35  Siege Tank, SCV  
  38  3:45  SCV  
  38  3:46  Medivac  
  38  3:47  SCV  
  42  3:54  Supply Depot  
  42  3:57  SCV  
  42  3:59  SCV  
  44  4:02  Command Center  
  44  4:09  SCV  
  45  4:11  SCV  
  45  4:15  Siege Tank  
  45  4:16  Supply Depot  
  48  4:21  SCV  
  48  4:23  SCV  
  50  4:25  Barracks  
  50  4:26  Barracks  
  50  4:32  Engineering Bay  
  50  4:33  SCV  
  50  4:35  Engineering Bay, SCV  
Show
View Real Time Build Order
Export as new Build Order

YONG Zerg - Winner!

Build Orders: Hatch First, Zergling Baneling 

Get SALT Encoding   

  12  0:01  Drone  
  13  0:13  Overlord  
  13  0:18  Drone  
  14  0:31  Drone x2  
  14  0:35  Drone  
  17  0:51  Hatchery  
  17  0:54  Drone  
  17  1:09  Spawning Pool  
  16  1:11  Drone  
  16  1:14  Drone  
  18  1:29  Extractor, Drone  
  18  1:43  Drone, Hatchery  
  18  1:45  Drone  
  19  1:56  Queen  
  21  2:04  Queen  
  21  2:07  Zergling x2  
  24  2:14  Zergling x2  
  25  2:18  Overlord  
  25  2:21  Drone  
  26  2:24  Drone  
  27  2:34  Metabolic Boost  
  27  2:38  Drone  
  27  2:39  Drone  
  27  2:43  Spore Crawler  
  29  2:53  Drone  
  29  2:54  Drone x2  
  32  3:02  Queen  
  32  3:05  Drone x3  
  36  3:07  Drone  
  36  3:10  Drone  
  39  3:13  Drone  
  40  3:21  Baneling Nest  
  40  3:23  Overlord  
  40  3:25  Drone  
  40  3:27  Drone  
  40  3:28  Drone  
  42  3:36  Overlord  
  42  3:45  Zergling x6  
  42  3:46  Zergling x2  
  42  3:47  Overlord  
  46  3:50  Zergling x6  
  46  3:51  Zergling x2  
  50  3:55  Zergling x2  
  50  3:56  Zergling x2  
  50  3:57  Zergling x2  
  50  3:58  Zergling x2  
  50  4:00  Zergling x2  
  55  4:05  Overlord  
  55  4:07  Zergling x2  
  55  4:08  Zergling x2  
  57  4:13  Zergling x4  
  57  4:15  Zergling x2  
  60  4:17  Overlord  
  59  4:25  Baneling  
  59  4:26  Baneling x9  
  59  4:29  Zergling x4  
  59  4:30  Zergling x2  
  59  4:31  Zergling x2  
  63  4:32  Zergling x2  
  63  4:33  Zergling x2  
Tags
 
Add a new tag
Caveats
  • Supply blocks, unpowered buildings, or Contaminate may cause inaccurate times.
  • Supply counts are checked every 10 seconds.